 Dungeon Crawl Stone Soup version 0.26-a0-958-gf3041fb45f (console) character file.

Game seed: 546335647180045245

1142 Gather the Conjurer (level 8, -10/45 HPs)
             Began as a Kobold Conjurer on Nov 30, 2020.
             Mangled by an orc warrior
             ... wielding a +0 dire flail
              (20 damage)
             ... on level 7 of the Dungeon.
             The game lasted 00:33:27 (8318 turns).

Gather the Conjurer (Kobold Conjurer)               Turns: 8318, Time: 00:33:28

Health: -10/45     AC:  5    Str:  5    XL:     8   Next: 64%
Magic:  6/11       EV: 14    Int: 20    God:
Gold:   90         SH:  0    Dex: 14    Spells: 5/11 levels left

rFire    . . .     SeeInvis +   C - +3 dagger (elec)
rCold    . . .     Faith    .   (shield restricted)
rNeg     . . .     Spirit   .   G - +2 leather armour of the Loofah {MR+}
rPois    +         Reflect  .   (no helmet)
rElec    .         Harm     .   (no cloak)
rCorr    .         Rampage  .   (no gloves)
MR       +....                  (no boots)
Stlth    ++++......             q - amulet of magic regeneration
HPRegen  0.15/turn              n - ring of poison resistance
MPRegen  0.37/turn              H - ring of see invisible

@: no status effects
A: small, nightstalker 3
a: no special abilities


You were on level 7 of the Dungeon.
You visited 1 branch of the dungeon, and saw 7 of its levels.
You also visited: Sewer.

You collected 362 gold pieces.
You spent 272 gold pieces at shops.

Inventory:

Hand Weapons
 c - a +0 hunting sling
 d - a +0 dagger
 t - a +1 scimitar of electrocution
 x - the +8 whip of Extermination {vorpal, +Rage Str+5 Dex-2 SInv, unknown}
   (You found it on level 4 of the Dungeon)

   It inflicts extra damage upon your enemies.
   It affects your strength (+5).
   It affects your dexterity (-2).
   It lets you see invisible.
   It lets you go berserk.
 C - a +3 dagger of electrocution (weapon)
Missiles
 m - 170 stones
 r - 40 sling bullets
 F - 15 poisoned darts (quivered)
Armour
 a - a +0 robe
 p - a +0 leather armour
 z - the +1 robe of the Original Sin {Dex+4}
   (You found it on level 4 of the Dungeon)

   It affects your dexterity (+4).
 G - the +2 leather armour of the Loofah (worn) {MR+}
   (You found it on level 6 of the Dungeon)

   It affects your resistance to hostile enchantments.
Jewellery
 n - a ring of poison resistance (left hand)
 q - an amulet of magic regeneration (around neck)
 y - an uncursed amulet of guardian spirit
 E - an uncursed ring of ice
 H - a ring of see invisible (right hand)
Wands
 w - a wand of flame (31)
Scrolls
 f - 5 scrolls of remove curse
 h - a scroll of fog
 l - 7 scrolls of teleportation
 A - a scroll of summoning
 B - a scroll of fear
 D - 2 scrolls of magic mapping
Potions
 b - 6 potions of curing
 e - 2 potions of magic
 g - 4 potions of heal wounds
 i - 2 potions of resistance
 j - 3 potions of mutation
 k - a potion of berserk rage
 o - 2 potions of flight
 s - 4 potions of attraction
 u - a potion of lignification {unknown}
 v - a potion of haste {unknown}
 I - a potion of degeneration {unknown}


   Skills:
 - Level 2.9 Fighting
 + Level 5.2 Short Blades
 + Level 1.4 Armour
 - Level 2.5 Dodging
 - Level 6.4 Stealth
 - Level 2.2 Spellcasting
 + Level 6.8 Conjurations
 - Level 3.4 Hexes


You had 5 spell levels left.
You knew the following spells:

 Your Spells              Type           Power        Failure   Level
a - Searing Ray           Conj           ####..       2%          2
b - Magic Dart            Conj           ####         1%          1
d - Dazzling Flash        Conj/Hex       ###...       9%          3

Your spell library contained the following spells:

 Spells                   Type           Power        Failure   Level
 Corona                   Hex            ###....      6%          1
 Animate Skeleton         Necr           #.....       26%         1
 Apportation              Tloc           #.....       26%         1
 Summon Small Mammal      Summ           #...         26%         1
 Fulminant Prism          Conj/Hex       ###.......   30%         4
 Iskenderun's Mystic Bla  Conj/Tloc      ###.....     52%         4


Dungeon Overview and Level Annotations

Branches:
Dungeon (7/15)              Sewer (visited)
 Temple: D:4-7

Altars:
Ashenzari
Elyvilon
Makhleb
Qazlal
Yredelemnul

Shops:
D:5 =(?(   D:6 ?

Annotations:
D:5 1 runed translucent door, Zing's ghost, novice BaIE


Innate Abilities, Weirdness & Mutations

You are small and have problems with some larger weapons.
You are completely attuned to the shadows.


Message History

The searing ray hits the orc warrior.
The orc warrior is moderately wounded.
An orc priest comes into view. It is wielding a +0 mace.
The searing ray misses the orc warrior.
The searing ray hits the orc!
You kill the orc!
You finish channeling your searing ray.
The orc warrior hits you with a +0 dire flail!!
Ouch! That really hurt!
* * * LOW HITPOINT WARNING * * *
Okay, then.
Casting: Searing Ray (safe; 2% risk of failure)
Confirm with . or Enter, or press ? or * to list all spells.
Aiming: Searing Ray (safe; 2% risk of failure)
Press: ? - help, Shift-Dir - straight line, f - orc warrior
Aim: an orc warrior, wielding a +0 dire flail and wearing a +0 chain mail (moderately wounded)
The searing ray misses the orc warrior.
The searing ray hits the orc priest!
The orc priest is almost dead. (Press . to maintain the ray.)
The orc warrior hits you with a +0 dire flail!!
You die...

#.##.####..#
##.##.# #..#
#.....####..#
########....#
#######..#
#.....#..#
#.###.#..#
#...#.#..#
############.#.#..#
#..............#...
##@#########.###...
#o# ........... #.#
####......# #o#
######## ... #


You could see an orc warrior and an orc priest.

Vanquished Creatures
  A centaur (D:7)
  Blork the orc (D:5)
  2 big kobolds
  A bullfrog (D:7)
  A scorpion (D:4)
  2 howler monkeys
  A quasit (D:3)
  An orc priest (D:6)
  2 hounds (D:7)
  2 bullfrog skeletons
  6 worker ants
  A hound skeleton (D:4)
  A worker ant zombie (D:5)
  7 gnolls
  9 adders
  A river rat (Sewer)
  2 ufetubi
  3 oozes
  An adder zombie (D:5)
  An adder skeleton (D:6)
  4 worms
  A dart slug (D:2)
  A leopard gecko (D:1)
  13 orcs
  2 ball pythons
  6 bats
  7 giant cockroaches
  5 goblins
  6 hobgoblins
  10 jackals
  16 kobolds
  3 quokkas
  7 frilled lizards
  A giant cockroach zombie (D:6)
  A quokka skeleton (D:4)
  14 rats
143 creatures vanquished.

Vanquished Creatures (others)
  A quokka (D:7)
1 creature vanquished.

Grand Total: 144 creatures vanquished

Notes
Turn   | Place    | Note
-------+----------+-------------------------------------------
     0 | D:1      | Gather the Kobold Conjurer began the quest for the Orb.
     0 | D:1      | Reached XP level 1. HP: 10/10 MP: 3/3
   134 | D:1      | Reached skill level 1 in Short Blades
   142 | D:1      | Reached XP level 2. HP: 12/15 MP: 3/5
   692 | D:1      | Reached XP level 3. HP: 20/20 MP: 4/6
   776 | D:1      | Learned a level 2 spell: Searing Ray
   878 | D:1      | Reached skill level 1 in Fighting
  1500 | D:2      | Reached XP level 4. HP: 26/26 MP: 7/7
  1705 | D:2      | Reached XP level 5. HP: 30/31 MP: 5/8
  2215 | D:2      | Learned a level 3 spell: Dazzling Flash
  2486 | D:3      | Found a burning altar of Makhleb.
  2710 | D:3      | Reached skill level 1 in Hexes
  2710 | D:3      | Reached XP level 6. HP: 30/36 MP: 1/9
  3768 | D:4      | Found a basalt altar of Yredelemnul.
  3802 | D:4      | Found a glowing drain.
  3880 | Sewer    | Entered a sewer
  4339 | Sewer    | Found a white marble altar of Elyvilon.
  4614 | D:4      | Found a broken altar of Ashenzari.
  4709 | D:4      | Reached skill level 5 in Conjurations
  4709 | D:4      | Reached XP level 7. HP: 25/40 MP: 0/10
  4826 | D:4      | You fall into a shaft and drop 2 floors!
  4855 | D:6      | Noticed Blork the orc
  4861 | D:5      | Entered Level 5 of the Dungeon
  4864 | D:5      | HP: 1/40 [Blork the orc/+1 scimitar of electrocution (20)]
  4872 | D:5      | Killed Blork the orc
  5266 | D:4      | Reached skill level 5 in Stealth
  5639 | D:4      | Got an ivory whip
  6053 | D:4      | Got a silken robe
  6063 | D:4      | Identified the +1 robe of the Original Sin {Dex+4} (You
                  | found it on level 4 of the Dungeon)
  6392 | D:5      | Reached XP level 8. HP: 45/45 MP: 7/11
  6512 | D:5      | Found Iwentu's Weapon Boutique.
  6586 | D:5      | Noticed Zing's ghost (novice BaIE)
  6612 | D:5      | Found Cosafu's Magic Scroll Shop.
  6616 | D:5      | Bought a scroll of summoning for 114 gold pieces
  6616 | D:5      | Bought a scroll of fear for 42 gold pieces
  6634 | D:5      | Bought a scroll of enchant weapon for 90 gold pieces
  6686 | D:5      | Found a runed translucent door.
  6710 | D:5      | Found Qitisuot's Jewellery Shoppe.
  6825 | D:5      | Found Neuzadiw's Antique Weapon Boutique.
  6925 | D:5      | Found a stormy altar of Qazlal.
  7151 | D:6      | Found Ikov's Magic Scroll Shop.
  7156 | D:6      | Bought a scroll of identify for 26 gold pieces
  7507 | D:6      | Noticed a two-headed ogre
  7550 | D:6      | Got a translucent leather armour
  7560 | D:6      | Identified the +2 leather armour of the Loofah {MR+} (You
                  | found it on level 6 of the Dungeon)
  7863 | D:7      | Reached skill level 1 in Armour
  7970 | D:7      | Reached skill level 5 in Short Blades
  7977 | D:7      | Found a white marble altar of Elyvilon.
  8318 | D:7      | Mangled by an orc warrior

Illustrated notes

Levels and vault maps discovered:
D:1:      dpeg_arrival_chambers_temple_mockup, layout_loops_ring,
          kennysheep_another_room, minmay_pentomino_v4
D:2:      cheibrodos_helix_gallery, layout_basic, hex_tiny
D:3:      layout_loops_cross, bloody_makhleb
D:4:      layout_basic, evilmike_ruin_ashenzari, nicolae_overflow_crystal_walls,
          cheibrodos_sewer_entry_bend
D:5:      layout_loops_ring, serial_shops, shop, nicolae_shop_waterfront, shop,
          shop_statue, hellmonk_ghost_happy_afterlife, serial_park_tiny_1,
          nicolae_qazlal_general_emergency
D:6:      layout_rooms, serial_shops, shop, uniq_blork_the_orc
D:7:      layout_basic, elyvilon_altar_4, minmay_temple_entry_poolview

Skill      XL: |  1  2  3  4  5  6  7  8 |
---------------+-------------------------+-----
Short Blades   | 1 2 3 5 |  5.2
Stealth        | 3 4 6 |  6.4
Fighting       | 1 2 |  2.9
Hexes          | 1 2 3 |  3.4
Conjurations   | 5 6 |  6.8
Armour         | 1 |  1.4
Dodging        | |  2.5
Spellcasting   | |  2.2

Action                   |  1- 3 |  4- 6 |  7- 9 || total
-------------------------+-------+-------+-------++-------
Melee: Dagger            |    22 |    48 |    27 ||    97
 Cast: Magic Dart        |    21 |     2 |     1 ||    24
       Searing Ray       |     4 |    40 |    37 ||    81
       Dazzling Flash    |       |       |     2 ||     2
  Use: Scroll            |       |    13 |     7 ||    20
       Potion            |       |       |     3 ||     3
 Stab: Sleeping          |    13 |    19 |    11 ||    43
       Distracted        |       |     1 |     1 ||     2
Armor: Robe              |     3 |    16 |     7 ||    26
       Leather armour    |       |       |     3 ||     3
Dodge: Dodged            |    20 |    61 |    57 ||   138

Table legend: (Time is in decaauts)
 A = Elapsed time spent in this place.
 B = Non-inter-level travel time spent in this place.
 C = Inter-level travel time spent in this place.
 D = Time resting spent in this place.
 E = Time spent auto-exploring this place.
 F = Levels seen in this place.
 G = Mean time per level.
                   A        B        C        D        E       F      G
               +--------+--------+--------+--------+--------+-----+--------+
         Total |   8453 |   8146 |    307 |   1388 |   5265 |   8 | 1056.6 |
       Dungeon |   7673 |   7366 |    307 |   1265 |   4862 |   7 | 1096.1 |
         Sewer |    780 |    780 |      0 |    123 |    403 |   1 |  780.0 |
               +--------+--------+--------+--------+--------+-----+--------+

Top non-repeatable levels by time:
     D:5: 1411 daAuts
     D:4: 1392 daAuts
     D:3: 1305 daAuts
     D:1: 1231 daAuts
     D:2: 1169 daAuts
   Sewer: 780 daAuts
     D:7: 617 daAuts
     D:6: 545 daAuts
